 Dungeon Crawl Stone Soup version 0.31-a0-1163-gcee99d1eea (webtiles) character file.

Game seed: 10068460276671206614

191 James the Ruffian (level 5, -4/34 HPs)
             Began as an Octopode Shapeshifter on Dec 9, 2023.
             Slain by an ogre
             ... wielding a +0 giant spiked club
              (22 damage)
             ... on level 3 of the Dungeon.
             The game lasted 00:05:17 (3115 turns).

James the Ruffian (Octopode Shapeshifter)           Turns: 3115, Time: 00:05:17

Health: -4/34      AC:  1    Str: 15    XL:     5   Next: 70%
Magic:  5/5        EV: 12    Int: 12    God:
Gold:   234        SH:  8    Dex: 12    Spells: 4/4 levels left

rFire   . .          .
                       - Unarmed
rCold   . . .        e - +0 buckler
rNeg    . . .        (helmet currently unavailable)
rPois   .            j - amulet of reflection
rElec   .            (no ring)
rCorr   .            (no ring)
SInv    .            (no ring)
Will    .....        (no ring)
Stlth   ++           (no ring)
HPRegen 0.25/turn    (no ring)
MPRegen 0.09/turn    (no ring)
                     (no ring)

%: reflection
@: beast-form
A: beast (slay +1), almost no armour, amphibious, 8 rings, camouflage 1,
gelatinous body 1, (nimble swimmer 1), tentacles
a: Begin Untransformation


You were on level 3 of the Dungeon.
You were a hulking beast.
You visited 1 branch of the dungeon, and saw 4 of its levels.

You collected 234 gold pieces.

Inventory:

Hand Weapons
 p - a +0 sling
   (You found it on level 3 of the Dungeon)
 u - the +0 mace of Wumyxaaq {freeze, rF+}
   (You found it on level 3 of the Dungeon)

   rF+:       It protects you from fire.
Missiles
 d - a throwing net {!f}
 n - 17 stones
Armour
 e - a +0 buckler (worn)
   (You found it on level 1 of the Dungeon)
Jewellery
 j - an amulet of reflection (around mantle)
   (You found it on level 2 of the Dungeon)
Talismans
 b - a beast talisman
 c - a flux talisman
Scrolls
 h - a scroll of blinking {unknown}
 l - a scroll of acquirement
 q - a scroll of teleportation {@r4}
Potions
 a - a potion of lignification {!q}
 f - a potion of haste {unknown}
 g - a potion of berserk rage {unknown}
 k - a potion of cancellation {unknown}
 m - a potion of attraction {unknown}
 r - a potion of heal wounds {@q2}
 s - 3 potions of resistance
 t - a potion of ambrosia {unknown}
 v - a potion of invisibility


   Skills:
 + Level 1.8 Fighting
 - Level 2.0 Dodging
 - Level 6.0 Unarmed Combat
 - Level 3.0 Shapeshifting


You had 4 spell levels left.
You didn't know any spells.
Your spell library contained the following spells:

 Spells                   Type           Power      Damage    Failure   Level
 Kiss of Death            Conj/Necr      0%         2d5       41%         1
 Ensorcelled Hibernation  Hex/Ice        0%         N/A       56%         2
 Jinxbite                 Hex            0%         N/A       56%         2
 Poisonous Vapours        Pois/Air       0%         N/A       56%         2
 Confusing Touch          Hex            0%         N/A       80%         3
 Mephitic Cloud           Conj/Pois/Air  0%         N/A       80%         3
 Anguish                  Hex/Necr       0%         N/A       99%         4
 Animate Dead             Necr           0%         N/A       99%         4
 Dispel Undead            Necr           0%         3d6       99%         4
 Freezing Cloud           Conj/Ice/Air   0%         6-21      100%        5
 Haunt                    Necr/Summ      0%         N/A       100%        7
 Infestation              Necr           0%         N/A       100%        8


Dungeon Overview and Level Annotations

Branches:
Dungeon (4/15)
 Temple: D:4-7

Altars:
Cheibriados

Annotations:
D:4 Sigmund


Innate Abilities, Weirdness & Mutations

You are a hulking beast.
Your limbs bulge with bestial killing power. (Slay +1)
You cannot wear most types of armour.
You are amphibious.
You can wear up to eight rings at the same time.
Your skin changes colour to match your surroundings (Stealth+).
Your rubbery body absorbs attacks. (AC +1, EV +1)
((You are camouflaged when in or above water. (Stealth+)))
You have tentacles for arms and can constrict up to eight enemies at once.


Message History

Magic quickly surges around you.
It was a scroll of vulnerability.
As you read the scroll labelled UCOS WYUSUMPOU, it crumbles to dust.
You assume a fearsome visage.
Nothing appears to happen.
It was a scroll of fear.
You start waiting.
You feel your willpower return.
Found 14 gold pieces.
A goblin comes into view. It is wielding a +0 club.
The goblin shouts!
The goblin hits you with a +0 club.
You closely miss the goblin. You grab the goblin. You squeeze the goblin.
You kill the goblin!
You see here a +0 leather armour.
You now have 219 gold pieces (gained 14).
d - a throwing net {!f}
Found an escape hatch in the ceiling.
Found 15 gold pieces.
Found a scroll labelled XITEID FUBLIOR.
Found a book of Death.
Found a whip.
You now have 234 gold pieces (gained 15).
You pick up a book of Death and begin reading...
You add the spells Animate Dead, Haunt and Infestation to your library.
h - a scroll labelled XITEID FUBLIOR
There is an escape hatch in the ceiling here.
A mysterious force pulls you upwards. The hatch slams shut behind you.
There is a stone staircase leading down here.
You climb downwards.
The ogre shouts!
Sigmund gestures at you while chanting.
You are confused.
Found 20 gold pieces.
There is a stone staircase leading up here.
Sigmund points at you and mumbles some strange words.
The puff of flame hits you!
In your confused state, you trip and fall back down the stairs.
The ogre barely misses you.
Sigmund points at you and mumbles some strange words.
The puff of flame hits you!
* * * LOW HITPOINT WARNING * * *
You climb upwards.
There is a stone staircase leading down here.
You feel better. The ogre closely misses you.
Unknown command.
Okay, then.
Unknown command.
You barely miss the ogre. You squeeze the ogre!
The ogre hits you with a +0 giant spiked club!!
Ouch! That really hurt!
You die...

#.#######..###..###
#.#........†.......
###..#.#..#.[###.#.##
#...###.#.....##.#.#
#..## ##..#...##.#.##
#.## ##........#...
#..## ##.##...#..####
#..O###.###......#
#..#h#.## ##..#.#####
#..##..#####.........
####...............###.#
#.....##..........#....#
#.######.#.######..##.##
#.# #.#.# ##.###.# #.#
#.#.#####.#.##.## #.#
#........###..... #.#
#######.#.#.##.##


You could see an ogre.

Vanquished Creatures
  A hound (D:3)
  An iguana (D:2)
  A mummy (D:3)
  3 adders
  3 worms
  A dart slug (D:1)
  2 orcs (D:3)
  7 ball pythons
  4 endoplasms
  6 giant cockroaches
  5 goblins
  3 hobgoblins
  11 jackals
  4 kobolds
  A quokka (D:2)
  5 bats
  3 frilled lizards (D:2)
  23 rats
84 creatures vanquished.

Notes
Turn   | Place    | Note
-------+----------+-------------------------------------------
     0 | D:1      | James the Octopode Shapeshifter began the quest for the
                  | Orb.
     0 | D:1      | Reached XP level 1. HP: 13/13 MP: 1/1
   303 | D:1      | Reached XP level 2. HP: 13/18 MP: 2/2
   469 | D:1      | Reached skill level 4 in Unarmed Combat
   522 | D:1      | Reached XP level 3. HP: 23/23 MP: 3/3
  1198 | D:2      | Reached XP level 4. HP: 22/28 MP: 4/4
  1221 | D:2      | Reached skill level 5 in Unarmed Combat
  2380 | D:3      | Reached XP level 5. HP: 33/33 MP: 5/5
  2487 | D:3      | Found a snail-covered altar of Cheibriados.
  2547 | D:3      | Reached skill level 6 in Unarmed Combat
  2621 | D:3      | Identified the +0 mace of Wumyxaaq {freeze, rF+}
  2979 | D:4      | Identified a scroll of acquirement
  3109 | D:4      | Noticed Sigmund
  3109 | D:4      | Noticed an ogre
  3115 | D:3      | Slain by an ogre

Illustrated notes

Levels and vault maps discovered:
D:1:      lemuel_arrival_tunnels, layout_loops_corners, minmay_ruptured
D:2:      layout_basic, roderic_lattice_a, minmay_rat_hole
D:3:      layout_loops_ring, slow_altar_1
D:4:      layout_layer_cave, uniq_sigmund

Skill      XL: |  1  2  3  4  5 |
---------------+----------------+-----
Unarmed Combat | 4 5 6 |  6.0
Fighting       | |  1.8
Dodging        | |  2.0
Shapeshifting  | |  3.0

Action                     |  1- 3 |  4- 6 || total
---------------------------+-------+-------++-------
  Melee: Unarmed           |    53 |   102 ||   155
         Constrict         |    11 |    26 ||    37
         Tentacles         |    10 |    22 ||    32
         Punch             |     1 |     1 ||     2
    Use: Scroll            |       |     7 ||     7
         Potion            |       |     1 ||     1
   Stab: Sleeping          |     5 |     7 ||    12
         Distracted        |       |     1 ||     1
 Armour: Skin              |    16 |    31 ||    47
  Dodge: Dodged            |    27 |    34 ||    61
  Block: Buckler           |     3 |    33 ||    36

Table legend: (Time is in decaauts)
 A = Elapsed time spent in this place.
 B = Non-inter-level travel time spent in this place.
 C = Inter-level travel time spent in this place.
 D = Time resting spent in this place.
 E = Time spent auto-exploring this place.
 F = Levels seen in this place.
 G = Mean time per level.
                   A        B        C        D        E       F      G
               +--------+--------+--------+--------+--------+-----+--------+
         Total |   3106 |   2964 |    142 |     82 |   2324 |   4 |  776.5 |
       Dungeon |   3106 |   2964 |    142 |     82 |   2324 |   4 |  776.5 |
               +--------+--------+--------+--------+--------+-----+--------+

Top non-repeatable levels by time:
     D:2: 1329 daAuts
     D:1: 948 daAuts
     D:3: 704 daAuts
     D:4: 122 daAuts
